 Dungeon Crawl Stone Soup version 0.32-a0-468-g38b2580584 (webtiles) character file.

Game seed: 6499867729961223746

518 CougarLife the Digger (level 7, 0/36 HPs)
             Began as a Gargoyle Earth Elementalist on Feb 25, 2024.
             Incinerated by a bombardier beetle (3 damage)
             ... with a burning spray
             ... on level 4 of the Dungeon.
             The game lasted 00:03:58 (4339 turns).

CougarLife the Digger (Gargoyle Earth Elementalist) Turns: 4339, Time: 00:03:59

Health: 0/36       AC: 11    Str: 12    XL:     7   Next: 21%
Magic:  0/13       EV: 11    Int: 17    God:
Gold:   145        SH:  0    Dex: 10    Spells: 10/14 levels left

rFire   . . .        j - +1 dagger (elec)
rCold   . . .        (no shield)
rNeg    + . .        a - +0 robe
rPois   ∞            h - +0 helmet
rElec   +            (no cloak)
rCorr   .            (no gloves)
SInv    .            (no boots)
Will    .....        (no amulet)
Stlth   +            n - +4 ring of protection
HPRegen 0.26/turn    (no ring)
MPRegen 0.13/turn

%: no passive effects
@: on fire, glowing
A: sickness immunity, AC +4, negative energy resistance 1, electricity
resistance, torment resistance 1, petrification resistance
a: no special abilities


You were on level 4 of the Dungeon.
You visited 1 branch of the dungeon, and saw 4 of its levels.

You collected 215 gold pieces.
You spent 70 gold pieces at shops.

Inventory:

Hand Weapons
 j - a +1 dagger of electrocution (weapon)
Armour
 a - a +0 robe (worn)
 h - a +0 helmet (worn)
Jewellery
 n - a +4 ring of protection (left hand)
 r - a ring of resist corrosion
Wands
 q - a wand of flame (7)
Scrolls
 e - 2 scrolls of teleportation
 f - a scroll of vulnerability {unknown}
 g - a scroll of noise
 m - a scroll of torment
 o - 2 scrolls of identify
 s - a scroll of poison {unknown}
 u - a scroll of enchant weapon {unknown}
Potions
 b - 2 potions of magic
 c - a potion of degeneration {unknown}
 d - a potion of haste {unknown}
 i - a potion of cancellation {unknown}
 k - a potion of ambrosia {unknown}
 l - 3 potions of heal wounds
 p - a potion of brilliance {unknown}
 t - a potion of attraction {unknown}
 v - a potion of might {unknown}
 w - a potion of lignification {unknown}
 x - a potion of curing {unknown}


   Skills:
 - Level 1.5 Dodging
 - Level 2.1 Stealth
 + Level 4.3 Spellcasting
 + Level 4.6 Conjurations
 + Level 6.2 Earth Magic


You had 10 spell levels left.
You knew the following spells:

 Your Spells              Type           Power      Damage    Failure   Level
a - Sandblast             Erth           48%        2d12      1%          1
b - Stone Arrow           Conj/Erth      44%        3d9       4%          3

Your spell library contained the following spells:

 Spells                   Type           Power      Damage    Failure   Level
 Passwall                 Erth           24%        N/A       3%          3
 Brom's Barrelling Bould  Conj/Erth      22%        2d4       16%         4
 Petrify                  Alch/Erth      14%        N/A       38%         4


Dungeon Overview and Level Annotations

Branches:
Dungeon (4/15)
 Temple: D:4-7

Altars:
Fedhas
Qazlal

Shops:
D:3 *


Innate Abilities, Weirdness & Mutations

You are immune to sickness and miasma.
Your stone body is resilient. (AC +4)
You are immune to poison.
You resist negative energy. (rN+)
You are resistant to electric shocks. (rElec)
You are resistant to unholy torment.
You are immune to petrification.


Message History

* * * LOW HITPOINT WARNING * * *
You shake off some of the fire as you move.
The liquid fire burns you!
* * * LOW HITPOINT WARNING * * *
You shake off the liquid fire.
Casting: Sandblast (safe; 1% risk of failure)
Confirm with . or Enter, or press ? or * to list all spells.
Aiming: Sandblast (safe; 1% risk of failure)
Press: ? - help, Shift-Dir - straight line, f/p - bombardier beetle
Aim: a bombardier beetle (heavily wounded, 90% to hit)
The blast of sand hits the bombardier beetle!
The bombardier beetle is almost dead.
The hobgoblin misses you.
The bombardier beetle sprays incendiary fluid at you.
The burning spray hits you.
You are covered in liquid fire!
You shake off some of the fire as you move.
The liquid fire burns you!
* * * LOW HITPOINT WARNING * * *
Casting: Sandblast (safe; 1% risk of failure)
Confirm with . or Enter, or press ? or * to list all spells.
Aiming: Sandblast (safe; 1% risk of failure)
Press: ? - help, Shift-Dir - straight line, p - bombardier beetle You can't see that place. [the floor.]
Okay, then.
You shake off the liquid fire.
Casting: Sandblast (safe; 1% risk of failure)
Confirm with . or Enter, or press ? or * to list all spells.
Aiming: Sandblast (safe; 1% risk of failure)
Press: ? - help, Shift-Dir - straight line, f/p - bombardier beetle
Aim: a bombardier beetle (almost dead, 90% to hit)
The blast of sand hits the hobgoblin!
You kill the hobgoblin!
The bombardier beetle sprays incendiary fluid at you.
The burning spray hits you.
You are covered in liquid fire!
You shake off some of the fire as you move.
The liquid fire burns you!
You die...

##.......####..†..#...# ##....##
#.#####........###....# ###..##
### ##.....).# #...## ##..##
#.......###...# #...#
##......##....# ##.).
#......##....# #....
##.....#.....# #.... ##
#>.############# ###### .##
#..####@.......# #...### #.##
##..##......#B..##.....## ##.##
##...##...).##...#†......
##.####...##......##...'.......#
##...#..........####...#†......#
##.......##########
#...##.....## #.......##
##...###...# #...### ........#
##(....##...# ###### ###.....###
#.......#...####...).


You could see a bombardier beetle.

Vanquished Creatures
  A black bear (D:4)
  2 ogres (D:4)
  A hound (D:4)
  Terence (D:3)
  An iguana (D:4)
  An orc wizard (D:2)
  A gnoll (D:4)
  6 adders
  3 dart slugs
  3 ribbon worms
  10 orcs
  3 bats
  5 endoplasms
  6 giant cockroaches
  8 goblins
  9 hobgoblins
  3 jackals (D:1)
  A quokka (D:4)
  8 ball pythons
  3 kobolds
  4 rats
80 creatures vanquished.

Notes
Turn   | Place    | Note
-------+----------+-------------------------------------------
     0 | D:1      | CougarLife the Gargoyle Earth Elementalist began the quest
                  | for the Orb.
     0 | D:1      | Reached XP level 1. HP: 10/10 MP: 3/3
   456 | D:1      | Reached XP level 2. HP: 15/15 MP: 3/5
   639 | D:1      | Reached skill level 4 in Earth Magic
  1045 | D:2      | Reached XP level 3. HP: 12/19 MP: 2/6
  1412 | D:2      | Reached XP level 4. HP: 24/24 MP: 5/8
  1962 | D:2      | Learned a level 3 spell: Stone Arrow
  2302 | D:3      | Found Duawyeva's General Store.
  2310 | D:3      | Bought a scroll of identify for 20 gold pieces
  2310 | D:3      | Bought a potion of heal wounds for 50 gold pieces
  2599 | D:3      | Noticed Terence
  2605 | D:3      | Killed Terence
  2606 | D:3      | Reached XP level 5. HP: 11/28 MP: 2/9
  3247 | D:4      | Reached skill level 5 in Earth Magic
  3319 | D:4      | Noticed an ogre
  3326 | D:4      | Killed an ogre
  3327 | D:4      | Reached XP level 6. HP: 16/32 MP: 0/11
  3415 | D:4      | Found a stormy altar of Qazlal.
  3423 | D:4      | Found a blossoming altar of Fedhas.
  4311 | D:4      | Noticed a black bear
  4320 | D:4      | Killed a black bear
  4321 | D:4      | Reached skill level 6 in Earth Magic
  4321 | D:4      | Reached XP level 7. HP: 22/36 MP: 5/13
  4339 | D:4      | Incinerated by a bombardier beetle

Illustrated notes

Levels and vault maps discovered:
D:1:      evilmike_arrival_rings, layout_loops_ring, minivault_11
D:2:      layout_loops_ring
D:3:      layout_loops_corners, serial_shops, shop,
          nicolae_elevator_lobby_asterisk, uniq_terence
D:4:      minmay_opposing_rooms, layout_layer_cave,
          grunt_temple_overflow_forces_of_nature

Skill      XL: |  1  2  3  4  5  6 |
---------------+-------------------+-----
Earth Magic    | 4 5 6 |  6.2
Conjurations   | 2 3 4 |  4.6
Spellcasting   | 3 4 |  4.3
Dodging        | |  1.5
Stealth        | |  2.1

Action                     |  1- 3 |  4- 6 |  7- 9 || total
---------------------------+-------+-------+-------++-------
  Melee: Unarmed           |     9 |       |       ||     9
         Dagger            |     1 |    14 |     2 ||    17
   Cast: Sandblast         |    42 |    76 |     8 ||   126
         Stone Arrow       |       |     3 |       ||     3
    Use: Scroll            |       |     3 |       ||     3
 Armour: Robe              |    25 |    53 |    14 ||    92
  Dodge: Dodged            |    45 |    32 |    10 ||    87

Table legend: (Time is in decaauts)
 A = Elapsed time spent in this place.
 B = Non-inter-level travel time spent in this place.
 C = Inter-level travel time spent in this place.
 D = Time resting spent in this place.
 E = Time spent auto-exploring this place.
 F = Levels seen in this place.
 G = Mean time per level.
                   A        B        C        D        E       F      G
               +--------+--------+--------+--------+--------+-----+--------+
         Total |   4400 |   4257 |    143 |    169 |   3552 |   4 | 1100.0 |
       Dungeon |   4400 |   4257 |    143 |    169 |   3552 |   4 | 1100.0 |
               +--------+--------+--------+--------+--------+-----+--------+

Top non-repeatable levels by time:
     D:4: 1246 daAuts
     D:3: 1113 daAuts
     D:1: 1050 daAuts
     D:2: 990 daAuts
